 Dungeon Crawl Stone Soup version 0.22.0-25-g7663229 (webtiles) character file.

69 dysrexia the Skirmisher (level 4, -9/41 HPs)
             Began as a Gnoll Abyssal Knight on Aug 20, 2018.
             Was a Believer of Lugonu.
             Mangled by an ogre
             ... wielding a +0 giant club
              (31 damage)
             ... on level 2 of the Dungeon.
             The game lasted 00:04:19 (1296 turns).

dysrexia the Skirmisher (Gnoll Abyssal Knight)      Turns: 1296, Time: 00:04:20

Health: -9/41      AC:  3    Str: 14    XL:     4   Next: 20%
Magic:  7/7        EV: 12    Int: 14    God:    Lugonu [**....]
Gold:   66         SH:  4    Dex: 16    Spells: 5/5 levels left

rFire    . . .     SeeInvis .   a - +1 mace
rCold    . . .     Gourm    .   l - +0 buckler (curse)
rNeg     . . .     Faith    .   b - +0 leather armour
rPois    .         Spirit   .   (no helmet)
rElec    .         Reflect  .   h - scarf {cloud immunity}
rCorr    .         Harm     .   (no gloves)
MR       .....                  (no boots)
Stlth    ++........             (no amulet)
HPRegen  0.13/turn              (no ring)
MPRegen  0.10/turn              (no ring)

@: no status effects
A: distributed training, fangs 1, strong nose
a: Depart the Abyss, Bend Space, Renounce Religion


You were on level 2 of the Dungeon.
You worshipped Lugonu.
Lugonu was pleased with you.
You were not hungry.

You visited 1 branch of the dungeon, and saw 2 of its levels.
You visited the Abyss 1 time.

You collected 66 gold pieces.

Inventory:

Hand Weapons
 a - a +1 mace (weapon)
Armour
 b - a +0 leather armour (worn)
 h - a scarf of cloud immunity (worn)
 l - a cursed +0 buckler (worn)
Scrolls
 d - 2 scrolls of remove curse {unknown}
 i - a scroll of immolation {unknown}
 j - a scroll of identify {unknown}
 k - a scroll of amnesia {unknown}
 m - a scroll of blinking {unknown}
Potions
 e - a potion of invisibility {unknown}
 f - a potion of might {unknown}
 g - a potion of flight {unknown}
Comestibles
 c - 5 rations
 n - 3 chunks of flesh


   Skills:
 + Level 6.6 Fighting
 + Level 1.0 Short Blades
 + Level 1.0 Long Blades
 + Level 1.0 Axes
 + Level 4.6 Maces & Flails
 + Level 1.0 Polearms
 + Level 1.0 Staves
 + Level 1.0 Slings
 + Level 1.0 Bows
 + Level 1.0 Crossbows
 + Level 1.0 Throwing
 + Level 4.6 Armour
 + Level 2.7 Dodging
 + Level 1.0 Stealth
 + Level 1.0 Shields
 + Level 1.0 Unarmed Combat
 + Level 1.0 Spellcasting
 + Level 0.8 Conjurations
 + Level 0.8 Hexes
 + Level 0.8 Charms
 + Level 0.8 Summonings
 + Level 0.8 Necromancy
 + Level 0.8 Translocations
 + Level 0.8 Transmutations
 + Level 0.8 Fire Magic
 + Level 0.8 Ice Magic
 + Level 0.8 Air Magic
 + Level 0.8 Earth Magic
 + Level 0.8 Poison Magic
 + Level 4.6 Invocations
 + Level 1.0 Evocations


You had 5 spell levels left.
You didn't know any spells.
Your spell library was empty.

Dungeon Overview and Level Annotations

Branches:
Dungeon (2/15)

Altars:


Innate Abilities, Weirdness & Mutations

Your experience applies equally to all skills.
You have very sharp teeth.
Your uncanny sense of smell can sniff out nearby items.


Message History

Things that are here:
an uncursed club; an uncursed hunting sling; 15 stones A bat comes into view.
You hit the bat.
You kill the bat!
Lugonu accepts your kill.
A hound comes into view.
The hound barks!
You hit the ogre.
The ogre is lightly wounded.
The ogre barely misses you. The hound barely misses you.
You hit the ogre. Your bite misses the ogre.
The ogre is lightly wounded.
The hound bites you but does no damage. The ogre hits you with a giant club!
The hound bites you.
You hit the ogre.
The ogre is moderately wounded.
You block the hound's attack. The ogre hits you with a giant club!!
Ouch! That really hurt!
You die...

#.# ##.## #......###.
#.########..)#
#..O...##..
#......(.((#.####
#.........#
##########......#
#......##..
######.#####......###.
#....#######.# #.
########## ##...#
#.###. .........#
##O...# #.##..
########.# ##@...##
#.##.. ## #.# ##.h.###
#.##.. .# #.# #..###
#O#### .# #.####.†##
#.# .# #....##.. #.#
.# ########.h ∆ #.#
.## ####. #.####
..#### #.# #. #.##..
.....#
#.#############.##.#


You could see an ogre and a hound.

Vanquished Creatures
  Natasha (D:2)
  An ooze (D:1)
  An adder zombie (D:2)
  A bat skeleton (D:2)
  A bat zombie (D:2)
  3 giant cockroaches (D:1)
  7 goblins
  3 hobgoblins
  4 jackals (D:1)
  A quokka (D:2)
  A ball python (D:1)
  2 bats (D:2)
  3 frilled lizards (D:1)
  2 kobolds
  A quokka zombie (D:2)
  4 rats
36 creatures vanquished.

Vanquished Creatures (others)
  5 toadstools (D:1)
5 creatures vanquished.

Grand Total: 41 creatures vanquished

Notes
Turn   | Place    | Note
-------+----------+-------------------------------------------
     0 | Abyss:1  | dysrexia the Gnoll Abyssal Knight began the quest for the Orb.
     0 | Abyss:1  | Reached XP level 1. HP: 23/23 MP: 3/3
     8 | D:1      | Escaped the Abyss
   200 | D:1      | Reached XP level 2. HP: 19/29 MP: 5/5
   511 | D:1      | Reached XP level 3. HP: 26/35 MP: 6/6
   586 | D:2      | Reached ** piety under Lugonu
   779 | D:2      | Noticed Natasha
   788 | D:2      | Killed Natasha
   788 | D:2      | Reached skill level 1 in Short Blades
   788 | D:2      | Reached skill level 1 in Long Blades
   788 | D:2      | Reached skill level 1 in Axes
   788 | D:2      | Reached skill level 1 in Polearms
   788 | D:2      | Reached skill level 1 in Staves
   788 | D:2      | Reached skill level 1 in Slings
   788 | D:2      | Reached skill level 1 in Bows
   788 | D:2      | Reached skill level 1 in Crossbows
   788 | D:2      | Reached skill level 1 in Throwing
   788 | D:2      | Reached skill level 1 in Stealth
   788 | D:2      | Reached skill level 1 in Shields
   788 | D:2      | Reached skill level 1 in Unarmed Combat
   788 | D:2      | Reached skill level 1 in Spellcasting
   788 | D:2      | Reached skill level 1 in Evocations
   788 | D:2      | Reached XP level 4. HP: 24/41 MP: 7/7
  1166 | D:2      | Noticed an ogre
  1296 | D:2      | Mangled by an ogre

Skill      XL: |  1  2  3 |
---------------+----------+-----
Short Blades   | 1 |  1.0
Long Blades    | 1 |  1.0
Axes           | 1 |  1.0
Polearms       | 1 |  1.0
Staves         | 1 |  1.0
Slings         | 1 |  1.0
Bows           | 1 |  1.0
Crossbows      | 1 |  1.0
Throwing       | 1 |  1.0
Stealth        | 1 |  1.0
Shields        | 1 |  1.0
Unarmed Combat | 1 |  1.0
Spellcasting   | 1 |  1.0
Evocations     | 1 |  1.0
Fighting       | |  6.6
Maces & Flails | |  4.6
Armour         | |  4.6
Dodging        | |  2.7
Conjurations   | |  0.8
Hexes          | |  0.8
Charms         | |  0.8
Summonings     | |  0.8
Necromancy     | |  0.8
Translocations | |  0.8
Transmutations | |  0.8
Fire Magic     | |  0.8
Ice Magic      | |  0.8
Air Magic      | |  0.8
Earth Magic    | |  0.8
Poison Magic   | |  0.8
Invocations    | |  4.6

Action                   |  1- 3 |  4- 6 || total
-------------------------+-------+-------++-------
Melee: Mace              |   107 |    20 ||   127
       Bite              |     5 |     1 ||     6
Invok: Bend Space        |       |     2 ||     2
  Eat: Chunk             |       |     1 ||     1
Armor: Leather armour    |    26 |     6 ||    32
Dodge: Dodged            |    79 |    19 ||    98
Block: Buckler           |     2 |     4 ||     6
